 Dungeon Crawl Stone Soup version 0.27-a0-1512-g99fd57bada (webtiles) character file.

Game seed: 7007786665525568410

62 Feb132020 the Stinger (level 4, -3/24 HPs)
             Began as a Gargoyle Venom Mage on July 9, 2021.
             Killed from afar by an orc wizard (7 damage)
             ... with a puff of flame
             ... on level 3 of the Dungeon.
             The game lasted 00:10:11 (3491 turns).

Feb132020 the Stinger (Gargoyle Venom Mage)         Turns: 3491, Time: 00:10:11

Health: -3/24      AC:  6    Str: 12    XL:     4   Next: 8%
Magic:  4/7        EV: 27    Int: 16    God:
Gold:   99         SH:  0    Dex: 10    Spells: 2/8 levels left

rFire    . . .     SeeInvis .   h - +0 mace
rCold    . . .     Faith    .   (no shield)
rNeg     + . .     Spirit   .   a - +1 robe
rPois    ∞         Reflect  .   (no helmet)
rElec    +         Harm     .   (no cloak)
rCorr    .         Rampage  .   (no gloves)
Will     .....                  (no boots)
Stlth    ++........             n - amulet of the acrobat
HPRegen  0.08/turn              (no ring)
MPRegen  0.10/turn              (no ring)

@: acrobatic
A: sickness immunity, AC +3, negative energy resistance 1, electricity
resistance, torment resistance 1, petrification resistance
a: no special abilities


You were on level 3 of the Dungeon.
You visited 1 branch of the dungeon, and saw 4 of its levels.

You collected 99 gold pieces.

Inventory:

Hand Weapons
 d - a +1 dagger of draining
 g - a +0 club
 h - a +0 mace (weapon)
Missiles
 b - 84 stones
Armour
 a - a +1 robe (worn)
 e - a +0 buckler
Jewellery
 n - an amulet of the acrobat (around neck)
Scrolls
 c - 2 scrolls of teleportation
 l - a scroll of magic mapping
Potions
 f - a potion of degeneration {unknown}
 i - a potion of cancellation {unknown}
 j - a potion of curing {unknown}
 k - a potion of lignification {unknown}
 m - a potion of might {unknown}
 o - a potion of flight {unknown}


   Skills:
 + Level 1.7 Dodging
 + Level 2.7 Stealth
 + Level 2.5 Spellcasting
 * Level 1.1 Conjurations
 + Level 1.1 Transmutations
 + Level 0.3 Air Magic
 + Level 3.5 Poison Magic


You had 2 spell levels left.
You knew the following spells:

 Your Spells              Type           Power      Damage    Failure   Level
a - Sting                 Tmut/Pois      36%        1d4       8%          1
b - Poisonous Vapours     Pois/Air       16%        N/A       13%         2
c - Mephitic Cloud        Conj/Pois/Air  7%         N/A       28%         3

Your spell library contained the following spells:

 Spells                   Type           Power      Damage    Failure   Level
 Static Discharge         Conj/Air       4%         N/A       22%         2
 Olgreb's Toxic Radiance  Pois           13%        N/A       41%         4
 Sticky Flame             Conj/Fire      3%         2d3       83%         4
 Dispel Undead            Necr           2%         3d7       89%         4


Dungeon Overview and Level Annotations

Branches:
Dungeon (4/15)
 Temple: D:4-7

Altars:

Annotations:
D:2 Sigmund


Innate Abilities, Weirdness & Mutations

You are immune to sickness and miasma.
Your stone body is resilient. (AC +3)
You are immune to poison.
You resist negative energy. (rN+)
You are resistant to electric shocks. (rElec)
You are resistant to unholy torment.
You are immune to petrification.


Message History

Deactivating autopickup; reactivate with Ctrl-A.
The orc throws a boomerang.
The boomerang hits you.
You climb upwards.
Reactivating autopickup.
There is a stone staircase leading down here.
There is a stone staircase leading down here.
Something hits you.
Deactivating autopickup; reactivate with Ctrl-A.
Casting: Poisonous Vapours (safe; 13% risk of failure)
Confirm with . or Enter, or press ? or * to list all spells.
You can't see any susceptible monsters within range! (Use Z to cast anyway.) Unknown command.
Casting: Poisonous Vapours (safe; 13% risk of failure)
Confirm with . or Enter, or press ? or * to list all spells.
Aiming: Sting (safe; 8% risk of failure)
Press: ? - help, Shift-Dir - straight line The sting hits something.
Something hits you.
Casting: Sting (safe; 8% risk of failure)
Confirm with . or Enter, or press ? or * to list all spells.
Aiming: Sting (safe; 8% risk of failure)
Press: ? - help, Shift-Dir - straight line, f - you
Okay, then.
A magic dart appears from out of thin air!
The magic dart hits you!
* * * LOW HITPOINT WARNING * * *
Unknown command.
Casting: Sting (safe; 8% risk of failure)
Confirm with . or Enter, or press ? or * to list all spells.
Aiming: Sting (safe; 8% risk of failure)
Press: ? - help, Shift-Dir - straight line The sting hits something.
Casting: Sting (safe; 8% risk of failure)
Confirm with . or Enter, or press ? or * to list all spells.
Aiming: Sting (safe; 8% risk of failure)
Press: ? - help, Shift-Dir - straight line Something hits you but does no damage.
You hear some strange, mumbled words.
A puff of flame appears from out of thin air!
The puff of flame hits you!
You die...

..>......##....##............####
.......####....##................
.......>>#########...........###.
......<#..## #..........## #.
.......##..# #.........## #.
........##.# ##.#..##### #.
......#.##.### #.#..#########.
.....##.##...######............).
###.###.####..{.@......##########
#..##..##########....# ###
##.###..## #...## #.. #.# ##..#
###...# ####.# #.# ##.#
####.....######....# #.## #.#
#....#....##....####
#..####.#####.##.##.##.#......
##...#...####............#####
##..........##..#.####......###


There were no monsters in sight!

Vanquished Creatures
  2 adders (D:4)
  A dart slug (D:1)
  3 ball pythons
  4 bats
  2 endoplasms
  5 goblins
  3 hobgoblins
  8 jackals
  3 kobolds
  A frilled lizard (D:3)
  4 rats
36 creatures vanquished.

Notes
Turn   | Place    | Note
-------+----------+-------------------------------------------
     0 | D:1      | Feb132020 the Gargoyle Venom Mage began the quest for the
                  | Orb.
     0 | D:1      | Reached XP level 1. HP: 10/10 MP: 3/3
   281 | D:1      | Reached XP level 2. HP: 15/15 MP: 1/5
   284 | D:1      | Learned a level 2 spell: Poisonous Vapours
  1168 | D:1      | Reached skill level 1 in Transmutations
  1461 | D:1      | Reached XP level 3. HP: 17/19 MP: 4/6
  1465 | D:1      | Learned a level 3 spell: Mephitic Cloud
  1670 | D:2      | Noticed Sigmund
  3275 | D:4      | Reached skill level 1 in Conjurations
  3329 | D:4      | Reached XP level 4. HP: 24/24 MP: 2/7
  3491 | D:3      | Killed from afar by an orc wizard

Illustrated notes

Levels and vault maps discovered:
D:1:      dpeg_arrival_water_temple_mockup, layout_loops_corners,
          palyth_stone_intersect, chequers_decorated_corner
D:2:      layout_loops_cross, uniq_sigmund
D:3:      layout_rooms
D:4:      layout_rooms

Skill      XL: |  1  2  3 |
---------------+----------+-----
Transmutations | 1 |  1.1
Conjurations   | 1 |  1.1
Dodging        | |  1.7
Stealth        | |  2.7
Spellcasting   | |  2.5
Air Magic      | |  0.3
Poison Magic   | |  3.5

Action                   |  1- 3 |  4- 6 || total
-------------------------+-------+-------++-------
Melee: Mace              |    27 |       ||    27
       Dagger            |     6 |       ||     6
 Cast: Sting             |    39 |     3 ||    42
       Poisonous Vapours |    17 |     3 ||    20
  Use: Scroll            |     3 |       ||     3
Armor: Robe              |    10 |     1 ||    11
Dodge: Dodged            |    27 |     1 ||    28

Table legend: (Time is in decaauts)
 A = Elapsed time spent in this place.
 B = Non-inter-level travel time spent in this place.
 C = Inter-level travel time spent in this place.
 D = Time resting spent in this place.
 E = Time spent auto-exploring this place.
 F = Levels seen in this place.
 G = Mean time per level.
                   A        B        C        D        E       F      G
               +--------+--------+--------+--------+--------+-----+--------+
         Total |   3501 |   3396 |    105 |    280 |   2781 |   4 |  875.2 |
       Dungeon |   3501 |   3396 |    105 |    280 |   2781 |   4 |  875.2 |
               +--------+--------+--------+--------+--------+-----+--------+

Top non-repeatable levels by time:
     D:1: 1607 daAuts
     D:2: 880 daAuts
     D:3: 833 daAuts
     D:4: 180 daAuts
